Map: Acropolis LE

Players

MEDOED - Winner!

  • Race: Zerg Zerg
  • League: Master
  • Spawn Location: 5:00

ABomB

  • Race: Protoss Protoss
  • Spawn Location: 11:00

Event: NationWars 2019

VOD

Have the link to the VOD?

Description

Time

  • Played on: Oct. 1, 2019, 12:28 p.m.
  • Length: 3:37
Show
View Real Time Build Order
Export as new Build Order

MEDOED Zerg - Winner!

Build Orders: Hatch First 

Get SALT Encoding   

  12  0:01  Drone  
  13  0:12  Overlord  
  13  0:20  Drone  
  14  0:31  Drone x2  
  17  0:35  Drone  
  17  0:45  Drone  
  18  0:59  Hatchery  
  18  1:02  Drone  
  18  1:08  Extractor  
  17  1:18  Spawning Pool  
  17  1:25  Drone x2  
  18  1:29  Extractor  
  17  1:35  Drone  
  18  2:05  Zergling x6  
  21  2:11  Metabolic Boost, Queen  
  21  2:13  Spine Crawler  
  22  2:17  Zergling x2  
  22  2:21  Zergling x2  
  24  2:28  Zergling x2  
  25  2:32  Spine Crawler  
  24  2:37  Zergling x2  
  24  2:40  Zergling x2  
  26  2:44  Zergling x4  
  28  3:11  Overlord  
Show
View Real Time Build Order
Export as new Build Order

ABomB Protoss 

Build Orders: 1 Gate Expand 

Get SALT Encoding   

  12  0:00  Probe  
  13  0:12  Probe  
  14  0:20  Pylon  
  14  0:25  Probe  
  15  0:38  Probe (Chrono Boost)  
  16  0:44  Gateway  
  16  0:49  Probe (Chrono Boost)  
  17  0:54  Probe (Chrono Boost)  
  18  0:57  Assimilator  
  18  1:04  Probe  
  19  1:16  Probe  
  20  1:28  Probe  
  20  1:29  Nexus  
  21  1:39  Cybernetics Core  
  21  1:48  Pylon  
  21  1:50  Probe  
  22  1:55  Assimilator  
  22  2:04  Zealot (Chrono Boost)  
  22  2:05  Probe  
  25  2:15  Shield Battery  
  25  2:18  Shield Battery  
  25  2:23  Stalker (Chrono Boost)  
  27  2:35  Robotics Facility  
  27  2:40  Pylon  
  27  2:44  Stalker (Chrono Boost)  
  29  2:57  Gateway  
  29  3:00  Pylon  
  29  3:09  Probe  
  27  3:21  Gateway  
Tags
 
Add a new tag
Caveats
  • Supply blocks, unpowered buildings, or Contaminate may cause inaccurate times.
  • Supply counts are checked every 10 seconds.